 Dungeon Crawl Stone Soup version 0.31.0-32-g396128a36d (webtiles) character file.

Game seed: 12112210595598182306

109 jagang the Slasher (level 4, -2/37 HPs)
             Began as a Human Monk on Mar 21, 2024.
             Slain by a ribbon worm (5 damage)
             ... on level 3 of the Dungeon.
             The game lasted 00:04:01 (2064 turns).

jagang the Slasher (Human Monk)                     Turns: 2064, Time: 00:04:02

Health: -2/37      AC:  6    Str: 13    XL:     4   Next: 89%
Magic:  4/4        EV: 16    Int: 10    God:
Gold:   109        SH:  5    Dex: 18    Spells: 3/3 levels left

rFire   . . .        r - +6 spear of Fuowkus {pain, Will+ Str+2}
rCold   . . .        g - +0 buckler
rNeg    . . .        h - +0 ring mail
rPois   .            (no helmet)
rElec   .            (no cloak)
rCorr   .            k - +0 pair of gloves
SInv    .            (no boots)
Will    +....        (no amulet)
Stlth   +            e - +5 ring of evasion
HPRegen 0.26/turn    (no ring)
MPRegen 0.09/turn

%: no passive effects
@: no status effects
A: explore regen
a: no special abilities


You were on level 3 of the Dungeon.
You visited 1 branch of the dungeon, and saw 3 of its levels.

You collected 109 gold pieces.

Inventory:

Hand Weapons
 a - a +0 falchion
 r - the +6 spear of Fuowkus (weapon) {pain, Will+ Str+2}
   (You found it on level 2 of the Dungeon)

   Str+2:     It affects your strength (+2).
   Will+:     It increases your willpower.
Missiles
 l - a throwing net (quivered)
 n - 2 poisoned darts
 p - 4 atropa-tipped darts
Armour
 d - an orb of light
 g - a +0 buckler (worn)
 h - a +0 ring mail (worn)
 k - a +0 pair of gloves (worn)
Jewellery
 e - a +5 ring of evasion (left hand)
Scrolls
 b - a scroll of noise {unknown}
 i - a scroll of enchant weapon {unknown}
 j - a scroll of blinking {unknown}
 m - a scroll of enchant armour {unknown}
 o - 2 scrolls of fog {unknown}
 q - 2 scrolls of fear {unknown}
 s - 2 scrolls of identify {unknown}
Potions
 c - a potion of ambrosia
 f - a potion of mutation {unknown}
 t - a potion of curing {unknown}
 u - a potion of heal wounds {unknown}
 v - a potion of haste {unknown}


   Skills:
 * Level 3.8 Fighting
 + Level 4.4 Long Blades
 - Level 3.0 Dodging
 + Level 1.5 Shields


You had 3 spell levels left.
You didn't know any spells.
Your spell library was empty.

Dungeon Overview and Level Annotations

Branches:
Dungeon (3/15)

Altars:
Dithmenos


Innate Abilities, Weirdness & Mutations

You regain HP and MP as you explore.


Message History

The ribbon worm is in the way.
You puncture the ribbon worm!
You kill the ribbon worm!
An orc priest comes into view. It is wielding a +0 mace.
You hit the orc.
The orc is almost dead.
The orc priest calls upon Beogh to heal the orc.
The orc is healed somewhat.
Reach: r) +6 spear of Fuowkus {pain, Will+ Str+2}
Press: ? - help, Dir - move target, f/p - orc
Aim: an orc, wielding a +2 mace of distortion (lightly wounded, about 30% to evade the +6 spear of Fuowkus)
The orc is in the way.
You hit the orc.
The orc is almost dead.
The orc priest invokes the aid of Beogh against you.
Beogh smites you!
A giant cockroach comes into view.
Reach: r) +6 spear of Fuowkus {pain, Will+ Str+2}
Press: ? - help, Dir - move target, f/p - orc
Aim: an orc, wielding a +2 mace of distortion (lightly wounded, about 30% to evade the +6 spear of Fuowkus)
The orc is in the way.
You hit the orc.
You kill the orc!
The orc priest mumbles some strange prayers to Beogh against you.
Beogh smites you!
You puncture the orc!
You kill the orc!
You puncture the orc!
You kill the orc!
Reach: r) +6 spear of Fuowkus {pain, Will+ Str+2}
Press: ? - help, Dir - move target, f - orc priest
Aim: an orc priest, wielding a +0 mace (about 30% to evade the +6 spear of Fuowkus)
You reach to attack!
You barely miss the orc priest. The ribbon worm misses you.
The orc priest misses you.
You completely miss the orc priest. You block the orc priest's attack.
You closely miss the orc priest. The ribbon worm bites you!
* * * LOW HITPOINT WARNING * * *
The orc priest hits you with a +0 mace.
* * * LOW HITPOINT WARNING * * *
You hit the orc priest.
The orc priest is lightly wounded.
The ribbon worm bites you.
You die...

.# ##. .#
#...
.##....
###.#.....
#B...o..
#o#.o.
##@#)#
#<.w.#
#.#### #.#
#.# ..#
..# #...
....


You could see a ribbon worm, an orc priest and a giant cockroach.

Vanquished Creatures
  3 gnolls (D:2)
  An adder (D:2)
  2 dart slugs
  2 ribbon worms
  3 orcs (D:3)
  8 bats
  8 endoplasms
  4 giant cockroaches
  5 goblins
  4 hobgoblins
  2 jackals (D:2)
  5 kobolds
  4 ball pythons
  3 frilled lizards (D:1)
  A rat (D:1)
55 creatures vanquished.

Notes
Turn   | Place    | Note
-------+----------+-------------------------------------------
     0 | D:1      | jagang the Human Monk began the quest for the Orb.
     0 | D:1      | Reached XP level 1. HP: 18/18 MP: 1/1
   306 | D:1      | Reached XP level 2. HP: 24/24 MP: 2/2
   698 | D:1      | Reached XP level 3. HP: 29/29 MP: 3/3
   728 | D:1      | Found a faded altar of an unknown god.
  1159 | D:2      | Reached skill level 4 in Long Blades
  1159 | D:2      | Reached skill level 1 in Shields
  1184 | D:2      | Reached XP level 4. HP: 35/35 MP: 4/4
  1408 | D:2      | Found a shadowy altar of Dithmenos.
  1477 | D:2      | Identified the +6 spear of Fuowkus {pain, Will+ Str+2}
  2064 | D:3      | Slain by a ribbon worm

Illustrated notes

Levels and vault maps discovered:
D:1:      eino_arrival_water_star, layout_loops_corners,
          ebering_ecumenical_altar_mist
D:2:      layout_basic, basic_altar, serial_forest,
          infiniplex_forest_clump_tiny, infiniplex_forest_straight_4,
          infiniplex_forest_lined_corner, infiniplex_forest_fountain,
          infiniplex_forest_straight_3, infiniplex_forest_lined_corner,
          infiniplex_forest_clump_medium, infiniplex_forest_clump_C,
          infiniplex_forest_clump_small, minmay_misc_feat_secret_circle
D:3:      layout_loops_ring, serial_shops, shop, shop,
          nicolae_shop_pleasant_corner_grove, gammafunk_ghost_stat_death,
          chequers_garden, nicolae_wormholes

Skill      XL: |  1  2  3 |
---------------+----------+-----
Long Blades    | 4 |  4.4
Shields        | 1 |  1.5
Fighting       | |  3.8
Dodging        | |  3.0

Action                     |  1- 3 |  4- 6 || total
---------------------------+-------+-------++-------
  Melee: Falchion          |    92 |    64 ||   156
         Spear             |       |    32 ||    32
  Throw: Dart              |     2 |       ||     2
 Armour: Leather armour    |    13 |       ||    13
         Ring mail         |    19 |    24 ||    43
  Dodge: Dodged            |    79 |    72 ||   151
  Block: Buckler           |     3 |    15 ||    18
